 Dungeon Crawl Stone Soup version 0.28.0-1-gb440e238dd (webtiles) character file.

Game seed: 5301771697449191582

27 fknight the Chopper (level 3, 0/33 HPs)
             Began as a Hill Orc Monk on Feb 27, 2022.
             Slain by an adder (2 damage)
             ... on level 2 of the Dungeon.
             The game lasted 00:03:30 (1554 turns).

fknight the Chopper (Hill Orc Monk)                 Turns: 1554, Time: 00:03:31

Health: 0/33       AC:  2    Str: 21    XL:     3   Next: 10%
Magic:  3/3        EV: 12    Int: 10    God:
Gold:   21         SH:  0    Dex: 13    Spells: 2/2 levels left

rFire   . . .      SeeInvis .   a - +0 hand axe
rCold   . . .      Faith    .   (no shield)
rNeg    + . .      Spirit   .   b - +0 robe
rPois   .          Reflect  .   (no helmet)
rElec   .          Harm     .   (no cloak)
rCorr   .          Rampage  .   (no gloves)
Will    .....                   (no boots)
Stlth   ++........              (no amulet)
HPRegen 0.11/turn               h - +6 ring of strength
MPRegen 0.08/turn               i - ring of positive energy

@: no status effects
A: no striking features
a: no special abilities


You were on level 2 of the Dungeon.
You visited 1 branch of the dungeon, and saw 2 of its levels.

You collected 32 gold pieces.
You spent 11 gold pieces at shops.

Inventory:

Hand Weapons
 a - a +0 hand axe (weapon)
Missiles
 c - 37 stones (quivered)
 f - 3 poisoned darts
 j - 24 sling bullets
Armour
 b - a +0 robe (worn)
Jewellery
 h - a +6 ring of strength (left hand)
 i - a ring of positive energy (right hand)
Scrolls
 e - a scroll of magic mapping {unknown}
 g - a scroll of enchant weapon {unknown}
 k - a scroll of vulnerability {unknown}
Potions
 d - 2 potions of might {unknown}


   Skills:
 + Level 4.0 Fighting
 + Level 4.4 Axes
 + Level 2.6 Dodging
 + Level 2.0 Stealth


You had 2 spell levels left.
You didn't know any spells.
Your spell library was empty.

Dungeon Overview and Level Annotations

Branches:
Dungeon (2/15)

Altars:

Shops:
D:1 ?


Message History

The worm is lightly wounded.
The adder hisses angrily.
You hear a shout!
A kobold comes into view. It is wielding a +0 short sword.
You hit the worm.
The worm is lightly wounded.
The worm bites you.
You hit the worm.
The worm is lightly wounded.
The worm bites you!
You hit the worm.
The worm is heavily wounded.
The adder closely misses you.
You hit the worm.
The worm is severely wounded.
You closely miss the adder. The worm closely misses you.
The adder closely misses you.
You hit the worm.
The worm is severely wounded.
You closely miss the adder. The adder barely misses you. The worm bites you!
The adder bites you but does no damage.
You barely miss the adder. You barely miss the worm.
The adder closely misses you.
You slash the adder!
The adder is severely wounded.
You hit the worm. The adder barely misses you. The worm bites you.
You barely miss the adder.
The adder is severely wounded.
You hit the worm.
You kill the worm!
The adder closely misses you. The adder bites you.
* * * LOW HITPOINT WARNING * * *
You miss the adder.
The adder is severely wounded.
You hit the kobold but do no damage.
The kobold hits you with a +0 short sword.
* * * LOW HITPOINT WARNING * * *
The adder bites you.
* * * LOW HITPOINT WARNING * * *
The adder bites you.
You die...

## #. ## #.
....##.#######.
.....((....>......#
....####K##.### #.#
........S.....# #.#
########@##.#.#.#.#
.........#.#.#.#.#
##.#.##.##.#.#.#.#
#.##..#.#.#.#.#
#..<..#.#.#.#.#
#....†#.#.#.#.#
#.###.#.#.#.#.#
#...........#.#
#########.###.##


You could see an adder and a kobold.

Vanquished Creatures
  A worm (D:2)
  A dart slug (D:1)
  A ball python (D:1)
  5 endoplasms (D:1)
  2 giant cockroaches
  A hobgoblin (D:1)
  A quokka (D:1)
  2 frilled lizards (D:1)
  4 kobolds (D:1)
  2 rats (D:1)
20 creatures vanquished.

Notes
Turn   | Place    | Note
-------+----------+-------------------------------------------
     0 | D:1      | fknight the Hill Orc Monk began the quest for the Orb.
     0 | D:1      | Reached XP level 1. HP: 19/19 MP: 1/1
   447 | D:1      | Reached XP level 2. HP: 26/27 MP: 2/2
  1150 | D:1      | Found Logigaof's Magic Scroll Boutique.
  1185 | D:1      | Bought a scroll of noise for 11 gold pieces
  1528 | D:2      | Reached XP level 3. HP: 33/33 MP: 3/3
  1554 | D:2      | Slain by an adder

Illustrated notes

Levels and vault maps discovered:
D:1:      dpeg_arrival_castle, layout_loops_corners, serial_shops, shop_statue,
          nicolae_concentric_dashed_squares_wild
D:2:      minmay_door_path, layout_basic, serial_shops, nicolae_shop_trees

Skill      XL: |  1  2 |
---------------+-------+-----
Stealth        | 2 |  2.0
Fighting       | 4 |  4.0
Axes           | |  4.4
Dodging        | |  2.6

Action                   || total
-------------------------++-------
Melee: Hand axe          ||    52
       Punch             ||     2
Throw: Stone             ||    46
 Stab: Sleeping          ||     2
Armor: Robe              ||     3
Dodge: Dodged            ||    21
